 Dungeon Crawl Stone Soup version 0.20.1-1-g8b1a95d (webtiles) character file.

7232 Schiappus the Cleaver (level 10, 0/102 HPs)
             Began as a Troll Berserker on Nov 27, 2017.
             Was a High Priest of Trog.
             Slain by Harold
             ... wielding a +0 dire flail
              (13 damage)
             ... on level 1 of the Orcish Mines.
             The game lasted 00:38:27 (9268 turns).

Schiappus the Cleaver (Troll Berserker)             Turns: 9268, Time: 00:38:28

Health: 0/102      AC:  7    Str: 24    XL:     10   Next: 88%
Magic:  9/9        EV: 14    Int:  1    God:    Trog [*****.]
Gold:   741        SH:  0    Dex: 11    Spells: 9/9 levels left

rFire    + + +     SeeInvis .   y - +1 battleaxe (venom)
rCold    . . .     Gourm    +   (shield currently unavailable)
rNeg     . . .     Faith    +   b - +0 animal skin
rPois    .         Spirit   .   B - +2 hat
rElec    .         Reflect  .   h - scarf {rC+ rF+}
rCorr    .         Harm     .   (gloves unavailable)
MR       .....     Rnd*Tele +   (boots unavailable)
Stlth    ++........             e - amulet of faith
Regen    0.7/turn               k - ring of fire
MPRegen  0.2/turn               n - +2 ring of evasion

@: no status effects
A: unfitting armour, claws 3, deformed body, dopey 1, fire resistance 2, fast
metabolism 3, gourmand, regeneration 1, shaggy fur 2, teleportitis 1, tough skin
2, weak 2, evolution 1, subdued magic 1
a: Berserk, Trog's Hand, Brothers in Arms, Burn Spellbooks, Renounce Religion


You were on level 1 of the Orcish Mines.
You worshipped Trog.
Trog was extremely pleased with you.
You were very full.

You visited 3 branches of the dungeon, and saw 12 of its levels.

You collected 741 gold pieces.

Inventory:

Hand Weapons
 y - a +1 battleaxe of venom (weapon)
Armour
 b - a +0 animal skin (worn)
 h - a scarf of resistance (worn)
 z - a +1 cloak
 B - a +2 hat (worn)
Jewellery
 e - an amulet of faith (around neck)
 k - a ring of fire (left claw)
 m - an uncursed ring of magical power
 n - a +2 ring of evasion (right claw)
 o - an uncursed ring of ice
Wands
 a - a wand of digging (14/24)
 d - a wand of polymorph (17/24)
 l - a wand of lightning (2/15)
 t - a wand of random effects (48/48)
 v - a wand of random effects (35/48)
 C - a wand of disintegration (16/24)
Scrolls
 u - a scroll of recharging
 x - 8 scrolls of remove curse
 D - a scroll of blinking
Potions
 g - 6 potions of curing
 j - a potion of haste
 q - 4 potions of agility
 w - a potion of cancellation
 F - a potion of ambrosia
Comestibles
 c - 9 bread rations
 f - 6 fruits
 i - 13 chunks of flesh
 p - 8 royal jellies
 r - 6 meat rations


   Skills:
 + Level 7.1 Fighting
 + Level 10.7 Axes
 + Level 6.7 Dodging
 + Level 1.6 Stealth


You had 9 spell levels left.
You didn't know any spells.

Dungeon Overview and Level Annotations

Branches:
Dungeon (10/15)            Temple (1/1) D:5            Lair (0/6) D:10
    Orc (1/2) D:9

Altars:
Ashenzari
Cheibriados
Dithmenos
Elyvilon
Fedhas
Gozag
Hepliaklqana
Kikubaaqudgha
Makhleb
Nemelex Xobeh
Okawaru
Qazlal
Ru
Sif Muna
Trog
Uskayaw
Vehumet
Xom
Yredelemnul
Zin
The Shining One
Beogh

Annotations:
Orc:1 Harold


Innate Abilities, Weirdness & Mutations

You are too large for most types of armour.
You have claws for hands.
Your metabolism is lightning-fast.
You like to eat raw meat.
Your natural rate of healing is unusually fast.
You are covered in thick fur. (AC +2)
You have very tough skin. (AC +2)
Armour fits poorly on your strangely shaped body.
You are dopey. (Int -2)
Your flesh is very heat resistant. (rF++)
You are occasionally teleported next to monsters.
You are very weak. (Str -4)
You evolve.
Your spells are a little easier to cast, but a little less powerful.


Message History

The warg bites you!
* * * LOW HITPOINT WARNING * * *
Harold hits you with a dire flail.
* * * LOW HITPOINT WARNING * * *
The troll bites your deep troll! The troll claws your deep troll! x2
The warg barely misses you.
You feel better. Harold barely misses you.
Your deep troll bites the troll!!
Your deep troll misses the troll.
Your deep troll claws the troll!
The warg bites you but does no damage. The troll bites your deep troll!
The troll claws your deep troll!
The troll claws your deep troll but does no damage.
Harold closely misses you.
You rip the net and break free!
Your deep troll bites the troll!!!
The troll dies!
Trog accepts your kill. The warg bites you.
* * * LOW HITPOINT WARNING * * *
The cyclops barely misses your deep troll.
Harold hits you with a dire flail!
You die...

#####.#...........#
####<>........#
###.)).......#
###....)......##
##.............# .
##.......#.....## #..
#......###.#....#
..#..#......##....#.##
.......@@..###.....##
......Th#####.....##
.$.>..CO. ##.#...#
.......... ####.##
.......#... ###
......# .$.# ......
...# .>.... ..#.


You could see Harold, a cyclops, a warg, an ogre and a friendly deep troll
(berserk).

Vanquished Creatures
  The ghost of Pereza0 the Spear-Bearer, a novice DgWr (D:6)
  Maurice (D:8)
  2 hippogriffs
  A spriggan (D:9)
  A yak (D:10)
  Menkaure (D:6)
  2 water moccasins
  2 hell hounds (D:10)
  4 orc warriors (D:9)
  A phantom (D:8)
  2 black bears
  4 sky beasts
  9 ogres
  2 centaurs
  2 big kobolds
  A bullfrog (D:9)
  A scorpion (D:8)
  4 killer bees (D:9)
  3 wights (D:4)
  3 jellies
  6 howler monkeys
  3 crimson imps
  6 hounds
  A quasit (D:9)
  2 bullfrog skeletons (D:10)
  4 orc priests
  5 orc wizards
  3 iguanas
  11 worker ants
  A hound skeleton (D:5)
  A howler monkey zombie (D:5)
  A worker ant zombie (D:9)
  9 adders
  3 gnolls (D:4)
  A shadow imp (D:9)
  An ooze (D:2)
  5 worms
  2 dart slugs
  5 leopard geckos
  40 orcs
  3 ball pythons
  7 giant cockroaches
  6 goblins
  6 hobgoblins
  17 jackals
  23 kobolds
  2 quokkas
  6 bats
  6 frilled lizards
  A giant cockroach zombie (D:5)
  A leopard gecko skeleton (D:6)
  A leopard gecko zombie (D:5)
  5 rats
241 creatures vanquished.

Vanquished Creatures (collateral kills)
  Gastronok (D:9)
  A troll (Orc:1)
  2 yaks (D:10)
  A sky beast (D:10)
  3 killer bees (D:9)
  An orc wizard (D:10)
  An adder (D:9)
  5 orcs (D:10)
15 creatures vanquished.

Grand Total: 256 creatures vanquished

Notes
Turn   | Place    | Note
-------+----------+-------------------------------------------
     0 | D:1      | Schiappus the Troll Berserker began the quest for the Orb.
     0 | D:1      | Reached XP level 1. HP: 22/22 MP: 0/0
   171 | D:1      | Reached XP level 2. HP: 26/29 MP: 1/1
   449 | D:1      | Reached ** piety under Trog
   493 | D:1      | Reached XP level 3. HP: 36/36 MP: 2/2
   800 | D:2      | Reached skill level 3 in Axes
  1171 | D:2      | Reached XP level 4. HP: 39/45 MP: 3/3
  2213 | D:4      | Reached XP level 5. HP: 43/53 MP: 4/4
  2272 | D:4      | Noticed an ogre
  2280 | D:4      | Killed an ogre
  2280 | D:4      | Reached skill level 4 in Axes
  2336 | D:4      | Noticed an ogre
  2344 | D:4      | Killed an ogre
  2344 | D:4      | Reached XP level 6. HP: 47/61 MP: 5/5
  2417 | D:4      | Reached *** piety under Trog
  2456 | D:4      | Found a shimmering altar of Xom.
  2468 | D:4      | Found a snail-covered altar of Cheibriados.
  2531 | D:4      | Reached skill level 5 in Axes
  2983 | D:5      | Entered Level 5 of the Dungeon
  3020 | D:5      | Found a staircase to the Ecumenical Temple.
  3036 | Temple   | Entered the Ecumenical Temple
  3337 | D:5      | Reached XP level 7. HP: 59/68 MP: 6/6
  3572 | D:5      | Found a radiant altar of Vehumet.
  3573 | D:5      | Found a stormy altar of Qazlal.
  3630 | D:5      | Reached skill level 6 in Axes
  4027 | D:6      | Noticed Pereza0's ghost (novice DgWr)
  4047 | D:6      | Noticed Menkaure
  4164 | D:6      | Killed Menkaure
  4164 | D:6      | Reached XP level 8. HP: 46/78 MP: 7/7
  4598 | D:6      | Killed Pereza0's ghost
  4598 | D:6      | Reached skill level 7 in Axes
  4968 | D:7      | Reached skill level 5 in Fighting
  4968 | D:7      | Reached skill level 1 in Stealth
  4974 | D:7      | Reached **** piety under Trog
  5423 | D:7      | Found a hazy altar of Hepliaklqana.
  5855 | D:8      | Reached XP level 9. HP: 88/88 MP: 8/8
  5906 | D:8      | Reached skill level 8 in Axes
  5922 | D:8      | HP: 3/88 [something (5)]
  5956 | D:8      | Reached skill level 5 in Dodging
  5973 | D:8      | Gained mutation: You are weak. (Str -2) [mutagenic meat]
  5974 | D:8      | Gained mutation: You are very weak. (Str -4) [mutagenic meat]
  5975 | D:8      | Gained mutation: Your magical capacity is low. (-10% MP) [mutagenic meat]
  5976 | D:8      | Gained mutation: Your flesh is heat resistant. (rF+) [mutagenic meat]
  5977 | D:8      | Gained mutation: Scrolls take you a little longer to read. [mutagenic meat]
  6308 | D:8      | Noticed Maurice
  6526 | D:8      | Killed Maurice
  6762 | D:9      | Lost intelligence.
  6794 | D:9      | Found a roughly hewn altar of Beogh.
  6794 | D:9      | Found a staircase to the Orcish Mines.
  6809 | D:9      | Reached ***** piety under Trog
  6824 | D:9      | Reached skill level 9 in Axes
  7118 | D:9      | Found a snail-covered altar of Cheibriados.
  7142 | D:9      | Reached XP level 10. HP: 71/100 MP: 8/8
  7228 | D:9      | Gained mutation: You are covered in thick fur. (AC +2) [mutagenic meat]
  7229 | D:9      | Gained mutation: Armour fits poorly on your strangely shaped body. [mutagenic meat]
  7230 | D:9      | Gained mutation: Your spells are a little easier to cast, but a little less powerful. [mutagenic meat]
  7290 | D:9      | Noticed Gastronok
  7304 | D:9      | Killed Gastronok
  7716 | D:9      | Reached skill level 10 in Axes
  8188 | D:10     | Entered Level 10 of the Dungeon
  8188 | D:10     | Found a staircase to the Lair.
  8491 | D:10     | Gained mutation: You are frail. (-10% HP) [mutagenic meat]
  8493 | D:10     | Gained mutation: You evolve. [mutagenic meat]
  8494 | D:10     | Gained mutation: You are occasionally teleported next to monsters. [mutagenic meat]
  8495 | D:10     | Lost mutation: Scrolls take you a little longer to read. [mutagenic meat]
  8888 | D:10     | Gained mutation: Your flesh is very heat resistant. (rF++) [mutagenic meat]
  8889 | D:10     | Lost mutation: Your magical capacity is low. (-10% MP) [mutagenic meat]
  8890 | D:10     | Lost mutation: You are frail. (-10% HP) [mutagenic meat]
  8891 | D:10     | Gained mutation: You are dopey. (Int -2) [mutagenic meat]
  9165 | Orc:1    | Entered Level 1 of the Orcish Mines
  9255 | Orc:1    | Noticed a cyclops
  9256 | Orc:1    | Noticed Harold
  9268 | Orc:1    | Slain by Harold

Skill      XL: |  1  2  3  4  5  6  7  8  9 10 |
---------------+-------------------------------+-----
Axes           | 3 4 5 6 7 9 10 | 10.7
Fighting       | 3 4 5 6 7 |  7.1
Dodging        | 3 4 5 6 |  6.7
Stealth        | 1 |  1.6

Action                   |  1- 3 |  4- 6 |  7- 9 | 10-12 || total
-------------------------+-------+-------+-------+-------++-------
Melee: Hand axe          |   126 |    88 |       |       ||   214
       War axe           |       |    42 |       |       ||    42
       Battleaxe         |       |     5 |   339 |   180 ||   524
Invok: Berserk           |       |     1 |     4 |       ||     5
       Brothers in Arms  |       |       |       |     4 ||     4
       Burn Spellbooks   |       |       |       |     2 ||     2
  Use: Scroll            |       |     6 |     8 |     4 ||    18
       Potion            |       |     5 |     4 |     2 ||    11
 Stab: Sleeping          |       |       |     1 |       ||     1
  Eat: Chunk             |    16 |    17 |    46 |    36 ||   115
       Fruit             |       |       |     5 |       ||     5
Armor: Animal skin       |    61 |    46 |    81 |    80 ||   268
Dodge: Dodged            |    76 |    93 |   261 |   217 ||   647
